 Dungeon Crawl Stone Soup version 0.31-a0-237-g2d982f9f85 (webtiles) character file.

Game seed: 2546385102323539125

77 lunkers the Cudgeller (level 4, 0/36 HPs)
             Began as a Meteoran Wanderer on July 11, 2023.
             Slain by a phantom (4 damage)
             ... on level 4 of the Dungeon.
             The game lasted 00:02:49 (1310 turns).

lunkers the Cudgeller (Meteoran Wanderer)           Turns: 1310, Time: 00:02:50

Health: 0/36       AC:  6    Str: 15    XL:     4   Next: 91%
Magic:  5/5        EV: 11    Int: 14    God:
Gold:   141        SH:  0    Dex: 13    Spells: 3/3 levels left

rFire   . . .        j - +2 dagger (venom)
rCold   . . .        (no shield)
rNeg    . . .        e - +0 robe
rPois   .            (no helmet)
rElec   .            o - +0 cloak
rCorr   .            c - +0 pair of gloves
SInv    .            t - +1 pair of boots
Will    .....        (no amulet)
Stlth   +            (no ring)
HPRegen 0.26/turn    (no ring)
MPRegen 0.09/turn

%: no passive effects
@: glowing
A: sense surroundings 1, otherworldly, glowing, explore regen
a: no special abilities


You were on level 4 of the Dungeon.
You visited 1 branch of the dungeon, and saw 4 of its levels.

You collected 141 gold pieces.

Inventory:

Hand Weapons
 a - a +0 mace
 j - a +2 dagger of venom (weapon)
 l - a +0 short sword of freezing
Missiles
 r - a throwing net
Armour
 c - a +0 pair of gloves (worn)
 e - a +0 robe (worn)
 k - a +0 kite shield
 o - a +0 cloak (worn)
 p - a +0 pair of gloves
 t - a +1 pair of boots (worn)
Jewellery
 s - a ring of fire
Wands
 b - a wand of polymorph (17)
Scrolls
 d - a scroll of blinking
 f - a scroll of poison {unknown}
 i - a scroll of identify {unknown}
 m - a scroll of teleportation {unknown}
Potions
 g - a potion of degeneration {unknown}
 h - 2 potions of curing {unknown}
 n - a potion of berserk rage {unknown}
 q - a potion of enlightenment {unknown}


   Skills:
 - Level 2.1 Fighting
 + Level 3.0 Short Blades
 - Level 5.4 Maces & Flails
 - Level 1.2 Throwing
 - Level 1.4 Stealth
 - Level 2.4 Evocations


You had 3 spell levels left.
You didn't know any spells.
Your spell library contained the following spells:

 Spells                   Type           Power      Damage    Failure   Level
 Shock                    Conj/Air       0%         1d3       28%         1
 Call Canine Familiar     Summ           0%         N/A       65%         3
 Portal Projectile        Hex/Tloc       0%         N/A       65%         3
 Swiftness                Air            0%         N/A       65%         3
 Airstrike                Air            0%         2d(0-16)  96%         4
 Leda's Liquefaction      Hex/Erth       0%         N/A       96%         4


Dungeon Overview and Level Annotations

Branches:
Dungeon (4/15) Zot: 1090
 Temple: D:4-7

Altars:


Innate Abilities, Weirdness & Mutations

You passively map a small area around you.
You are easily found by Zot.
You glow in the dark.
You regain HP and MP as you explore.


Message History

You miss the phantom.
The phantom is lightly damaged.
The gnoll closely misses you. The phantom closely misses you.
Unknown command.
You hit the phantom.
The phantom is moderately damaged.
The gnoll closely misses you. The phantom hits you.
* * * LOW HITPOINT WARNING * * *
The phantom blinks!
You blink.
Unknown command.
You hit the phantom but do no damage.
The phantom is moderately damaged.
Unknown command.
You hit the phantom.
The phantom is moderately damaged.
The phantom hits you.
* * * LOW HITPOINT WARNING * * *
The phantom blinks!
You blink.
You hit the phantom.
The phantom is heavily damaged.
The phantom hits you but does no damage.
You hit the phantom.
The phantom is heavily damaged.
The phantom barely misses you.
You hit the phantom but do no damage.
The phantom is heavily damaged.
The phantom hits you.
* * * LOW HITPOINT WARNING * * *
You hit the phantom.
The phantom is severely damaged.
You hit the phantom.
The phantom is severely damaged.
The phantom closely misses you.
You hit the phantom.
The phantom is almost destroyed.
The phantom hits you.
* * * LOW HITPOINT WARNING * * *
The phantom blinks!
You blink.
The phantom hits you.
You die...

, ...... * ......#
####++####.....# *
#........#.....#...
#.....ยง..#.....#..#
#.g###.).#........#
+..#[.#..'........#
+..#..#.)'........
#.@.###..#.....#.,
#.W......#.....#..#
#........#........#
####++####.#####..#
#.....<.# )
##......# ###....#
#....# #.)..#


You could see a phantom and a gnoll.

Vanquished Creatures
  An adder (D:3)
  3 worms (D:3)
  A dart slug (D:3)
  2 orcs (D:3)
  4 bats
  4 endoplasms
  2 giant cockroaches (D:3)
  5 goblins
  7 hobgoblins
  3 jackals (D:1)
  3 kobolds
  2 quokkas (D:2)
  7 ball pythons
  A frilled lizard (D:3)
  4 rats
49 creatures vanquished.

Notes
Turn   | Place    | Note
-------+----------+-------------------------------------------
     0 | D:1      | lunkers the Meteoran Wanderer began the quest for the Orb.
     0 | D:1      | lunkers set off with the following items: a +0 mace, a wand
                  | of polymorph (17), a +0 pair of gloves, a scroll of
                  | blinking, a +0 robe.
     0 | D:1      | Reached XP level 1. HP: 17/17 MP: 2/2
    98 | D:1      | Reached XP level 2. HP: 22/24 MP: 3/3
   273 | D:1      | Reached skill level 5 in Maces & Flails
   324 | D:1      | Reached XP level 3. HP: 25/29 MP: 4/4
   536 | D:2      | Reached skill level 1 in Short Blades
   813 | D:3      | Reached XP level 4. HP: 28/36 MP: 5/5
  1018 | D:3      | Found a faded altar of an unknown god.
  1284 | D:4      | Noticed a phantom
  1310 | D:4      | Slain by a phantom

Illustrated notes

Levels and vault maps discovered:
D:1:      minmay_arrival_shattered_statue, layout_basic
D:2:      layout_basic
D:3:      layout_basic, ebering_ecumenical_altar_abandoned
D:4:      layout_basic, vehumet_statue, kennysheep_generic_room_7, uniq_natasha

Skill      XL: |  1  2  3  4 |
---------------+-------------+-----
Maces & Flails | 5 |  5.4
Short Blades   | 1 3 |  3.0
Fighting       | |  2.1
Throwing       | |  1.2
Stealth        | |  1.4
Evocations     | |  2.4

Action                     |  1- 3 |  4- 6 || total
---------------------------+-------+-------++-------
  Melee: Mace              |    73 |       ||    73
         Punch             |     2 |       ||     2
         Dagger            |    38 |    76 ||   114
 Armour: Robe              |    44 |    18 ||    62
  Dodge: Dodged            |    64 |    30 ||    94

Table legend: (Time is in decaauts)
 A = Elapsed time spent in this place.
 B = Non-inter-level travel time spent in this place.
 C = Inter-level travel time spent in this place.
 D = Time resting spent in this place.
 E = Time spent auto-exploring this place.
 F = Levels seen in this place.
 G = Mean time per level.
                   A        B        C        D        E       F      G
               +--------+--------+--------+--------+--------+-----+--------+
         Total |   1308 |   1293 |     15 |      0 |    851 |   4 |  327.0 |
       Dungeon |   1308 |   1293 |     15 |      0 |    851 |   4 |  327.0 |
               +--------+--------+--------+--------+--------+-----+--------+

Top non-repeatable levels by time:
     D:3: 537 daAuts
     D:2: 386 daAuts
     D:1: 354 daAuts
     D:4: 30 daAuts
